 Dungeon Crawl Stone Soup version 0.30-a0-738-g116ff8c4af (webtiles) character file.

Game seed: 625908087421481911

8158 epen the Prestidigitator (level 11, 0/83 HPs)
             Began as a Gnoll Artificer on Feb 3, 2023.
             Was a Priest of the Shining One.
             Slain by a komodo dragon (6 damage)
             ... on level 10 of the Dungeon.
             The game lasted 00:18:06 (10579 turns).

epen the Prestidigitator (Gnoll Artificer)         Turns: 10579, Time: 00:18:07

Health: 0/83       AC: 16    Str: 16    XL:     11   Next: 26%
Magic:  11/11      EV:  9    Int: 11    God:    the Shining One [***...]
Gold:   398        SH:  5    Dex: 15    Spells: 22/22 levels left

rFire   . . .      SeeInvis .    H - +5 scimitar
rCold   . . .      Faith    .    (no shield)
rNeg    + + .      Spirit   .    e - +0 chain mail {Will+}
rPois   +          Reflect  +    u - +1 helmet of the Unseen Realm {rPois Str+3}
rElec   .          Harm     .    t - +0 cloak
rCorr   +          Rampage  +    g - +1 pair of gloves "Bonnane" {Rampage rN+ MP-9}
Will    +....                    (no boots) Stlth
                                 y - amulet of reflection
HPRegen 0.33/turn                D - ring of resist corrosion
MPRegen 0.12/turn                (no ring)

@: glowing
A: fangs 1, strong nose, distributed training
a: Renounce Religion, Divine Shield, Cleansing Flame


You were on level 10 of the Dungeon.
You worshipped the Shining One.
The Shining One was most pleased with you.
You visited 2 branches of the dungeon, and saw 11 of its levels.

You collected 712 gold pieces.
You spent 200 gold pieces at shops.
You donated 114 gold pieces to Zin.

Inventory:

Hand Weapons
 a - a +0 club
 j - a +3 short sword of distortion
 n - a +2 dagger of venom
 q - a +0 spectral trident
 G - a +4 scimitar
 H - a +5 scimitar (weapon)
 J - a +3 shortbow
 L - the +8 sling of Barnacled Exoneration {flame, Dex+3}
   (You found it on level 8 of the Dungeon)

   Dex:       It affects your dexterity (+3).
Missiles
 w - 5 javelins
Armour
 b - a +0 leather armour
 e - a +0 chain mail of willpower (worn)
 g - the +1 pair of gloves "Bonnane" (worn) {Rampage rN+ MP-9}
   (You found it on level 8 of the Dungeon)

   rN:        It protects you from negative energy.
   MP:        It affects your magic capacity (-9).
   Rampage:   It bestows one free step when moving towards enemies.
 s - a +1 helmet
 t - a +0 cloak (worn)
 u - the +1 helmet of the Unseen Realm (worn) {rPois Str+3}
   (You found it on level 3 of the Dungeon)

   Str:       It affects your strength (+3).
   rPois:     It protects you from poison.
 B - a +0 pair of gloves
Jewellery
 k - an amulet of magic regeneration
 y - an amulet of reflection (around neck)
 D - a ring of resist corrosion (left hand)
 M - an amulet of faith
Wands
 d - a wand of charming (9)
 E - a wand of roots (2)
 I - a wand of digging (9)
 K - a wand of flame (10)
 O - a wand of paralysis (6)
Scrolls
 c - 3 scrolls of silence {unknown}
 i - 6 scrolls of identify
 l - 2 scrolls of amnesia
 m - 2 scrolls of immolation
 o - 4 scrolls of magic mapping
 p - a scroll of butterflies {unknown}
 v - 2 scrolls of teleportation
 F - 2 scrolls of fog {unknown}
 N - 2 scrolls of enchant weapon
 P - a scroll of enchant armour {unknown}
 Q - a scroll of fear
Potions
 f - a potion of degeneration
 h - 2 potions of haste
 r - a potion of invisibility
 x - 2 potions of heal wounds
 z - a potion of cancellation
 A - 4 potions of lignification
 C - a potion of ambrosia
 R - a potion of curing


   Skills:
 + Level 6.9 Fighting
 + Level 6.3 Short Blades
 + Level 6.3 Long Blades
 + Level 6.3 Axes
 + Level 6.3 Maces & Flails
 + Level 6.3 Polearms
 + Level 6.3 Staves
 + Level 6.3 Ranged Weapons
 + Level 6.3 Throwing
 + Level 7.9 Armour
 + Level 6.9 Dodging
 + Level 6.8 Stealth
 + Level 6.3 Shields
 + Level 6.3 Unarmed Combat
 + Level 6.3 Spellcasting
 + Level 5.2 Conjurations
 + Level 5.2 Hexes
 + Level 5.2 Summonings
 + Level 5.2 Necromancy
 + Level 5.2 Translocations
 + Level 5.2 Transmutations
 + Level 5.2 Fire Magic
 + Level 5.2 Ice Magic
 + Level 5.2 Air Magic
 + Level 5.2 Earth Magic
 + Level 5.2 Poison Magic
 + Level 7.0 Invocations
 + Level 9.2 Evocations


You had 22 spell levels left.
You didn't know any spells.
Your spell library contained the following spells:

 Spells                   Type           Power      Damage    Failure   Level
 Beastly Appendage        Tmut           30%        N/A       26%         1
 Shock                    Conj/Air       60%        1d6       26%         1
 Ensorcelled Hibernation  Hex/Ice        30%        N/A       38%         2
 Passwall                 Tmut/Erth      12%        N/A       38%         2
 Static Discharge         Conj/Air       30%        2-4/arc   38%         2
 Wereblood                Tmut           15%        N/A       38%         2
 Kindle Blastsparks       Fire/Tloc/Air  30%        2d12      63%         3
 Spider Form              Tmut/Pois      15%        N/A       63%         3
 Swiftness                Air            15%        N/A       63%         3
 Vhi's Electric Charge    Tloc/Air       30%        N/A       63%         3
 Airstrike                Air            7%         2d(2-18)  95%         4
 Anguish                  Hex/Necr       7%         N/A       95%         4
 Fulminant Prism          Conj/Hex       7%         3d7       95%         4
 Iskenderun's Mystic Bla  Conj/Tloc      15%        2d5       95%         4
 Arcjolt                  Conj/Air       7%         1d17      100%        5
 Blade Hands              Tmut           7%         N/A       100%        5
 Irradiate                Conj/Tmut      7%         3d14      100%        5
 Lee's Rapid Deconstruct  Erth           7%         3d7*      100%        5
 Lightning Bolt           Conj/Air       7%         1d20      100%        5
 Dragon Form              Tmut           7%         N/A       100%        7
 Enfeeble                 Hex            7%         N/A       100%        7


Dungeon Overview and Level Annotations

Branches:
Dungeon (10/15)            Temple (1/1) D:7
   Lair: D:8-11         Orc: D:9-12

Altars:
Ashenzari
Cheibriados
Dithmenos
Elyvilon
Fedhas
Gozag
Hepliaklqana
Kikubaaqudgha
Makhleb
Nemelex Xobeh
Okawaru
Qazlal
Ru
Sif Muna
Trog
Uskayaw
Vehumet
Wu Jian
Xom
Yredelemnul
Zin
The Shining One

Shops:
D:6 ?

Annotations:
D:9 1 runed translucent door, derval's ghost, novice FeSu


Innate Abilities, Weirdness & Mutations

You have very sharp teeth.
Your uncanny sense of smell can sniff out nearby items.
Your experience applies equally to all skills.


Message History

The acid dragon claws you but does no damage.
You hit the acid dragon.
The acid dragon is moderately wounded.
You block the acid dragon's attack.
The acid dragon claws you but does no damage.
You hit the acid dragon.
The acid dragon is heavily wounded.
The komodo dragon bites you!! The acid dragon bites you.
The acid dragon claws you but does no damage.
You hit the acid dragon.
The acid dragon is heavily wounded.
The komodo dragon bites you!! The acid dragon spits acid at you.
The splash of acid hits you but does no damage.
You barely miss the acid dragon.
The acid dragon is heavily wounded.
The komodo dragon misses you. The acid dragon barely misses you.
The acid dragon claws you but does no damage.
You slash the acid dragon!
You kill the acid dragon!
The acid dragon scales are intact enough to wear.
The komodo dragon bites you!
The komodo dragon bites you but does no damage.
You are too injured to fight recklessly!
You are too injured to fight recklessly!
You are too injured to fight recklessly!
You are too injured to fight recklessly!
You hit the komodo dragon but do no damage.
The komodo dragon bites you!
* * * LOW HITPOINT WARNING * * *
You hit the komodo dragon.
The komodo dragon is lightly wounded.
The komodo dragon bites you but does no damage.
You hit the komodo dragon but do no damage.
The komodo dragon is lightly wounded.
The komodo dragon bites you!
* * * LOW HITPOINT WARNING * * *
The komodo dragon attacks as you move away!
The komodo dragon bites you.
You die...

. .#########
.........###
.........+.#### #
......l..#....##########
.
......[@......'.........
#
###.######....######.###
#....# ####..##
#....###......#
.............#.#
#..............'.#
#..............#..
+..............#.#
#..........#####.#


You could see a komodo dragon.

Vanquished Creatures
  A centaur warrior (D:8)
  A two-headed ogre (D:10)
  Pikel (D:6)
  2 cyclopes (D:8)
  An unseen horror (D:8)
  A kobold demonologist (D:7)
  A hornet (D:9)
  Sigmund (D:3)
  2 wraiths (D:9)
  A wyvern (D:9)
  3 acid dragons
  3 orc warriors
  A sky beast (D:8)
  An ice beast (D:6)
  A black bear (D:8)
  9 centaurs
  6 kobold brigands
  5 bullfrogs
  A gnoll sergeant (D:9)
  A necrophage (D:8)
  A scorpion (D:5)
  16 wights
  A howler monkey (D:8)
  3 vampire bats (D:5)
  A hound (D:7)
  3 orc priests
  3 gnoll boudas (D:8)
  3 iguanas
  7 orc wizards
  10 gnolls
  6 adders
  A shadow imp (D:6)
  3 white imps
  An ufetubus (D:6)
  2 worms
  21 orcs
  2 ball pythons
  8 bats
  3 bat skeletons (D:5)
  3 bat zombies (D:5)
  5 endoplasms
  3 giant cockroaches
  7 goblins
  10 hobgoblins
  9 jackals
  23 kobolds
  4 quokkas
  2 frilled lizards (D:1)
  4 rats
208 creatures vanquished.

Vanquished Creatures (collateral kills)
  3 wights (D:7)
  A kobold (D:7)
4 creatures vanquished.

Vanquished Creatures (others)
  A phantom (D:6)
  A kobold brigand (D:6)
2 creatures vanquished.

Grand Total: 214 creatures vanquished

Notes
Turn   | Place    | Note
-------+----------+-------------------------------------------
     0 | D:1      | epen the Gnoll Artificer began the quest for the Orb.
     0 | D:1      | Reached XP level 1. HP: 17/17 MP: 1/1
   171 | D:1      | Reached XP level 2. HP: 23/23 MP: 2/2
   563 | D:1      | Reached XP level 3. HP: 21/28 MP: 3/3
  1225 | D:2      | Found an ancient bone altar of Kikubaaqudgha.
  1270 | D:2      | Reached skill level 1 in Invocations
  1450 | D:2      | Reached skill level 1 in Short Blades
  1450 | D:2      | Reached skill level 1 in Long Blades
  1450 | D:2      | Reached skill level 1 in Axes
  1450 | D:2      | Reached skill level 1 in Maces & Flails
  1450 | D:2      | Reached skill level 1 in Polearms
  1450 | D:2      | Reached skill level 1 in Staves
  1450 | D:2      | Reached skill level 1 in Ranged Weapons
  1450 | D:2      | Reached skill level 1 in Throwing
  1450 | D:2      | Reached skill level 1 in Shields
  1450 | D:2      | Reached skill level 1 in Unarmed Combat
  1450 | D:2      | Reached skill level 1 in Spellcasting
  1618 | D:2      | Found a faded altar of an unknown god.
  1622 | D:2      | Reached XP level 4. HP: 34/34 MP: 5/5
  1660 | D:2      | Prayed at the altar of an unknown god.
  1660 | D:2      | Became a worshipper of Zin the Law-Giver
  1660 | D:2      | Reached * piety under Zin
  1919 | D:2      | Reached skill level 1 in Conjurations
  1919 | D:2      | Reached skill level 1 in Hexes
  1919 | D:2      | Reached skill level 1 in Summonings
  1919 | D:2      | Reached skill level 1 in Necromancy
  1919 | D:2      | Reached skill level 1 in Translocations
  1919 | D:2      | Reached skill level 1 in Transmutations
  1919 | D:2      | Reached skill level 1 in Fire Magic
  1919 | D:2      | Reached skill level 1 in Ice Magic
  1919 | D:2      | Reached skill level 1 in Air Magic
  1919 | D:2      | Reached skill level 1 in Earth Magic
  1919 | D:2      | Reached skill level 1 in Poison Magic
  2086 | D:2      | Reached ** piety under Zin
  2166 | D:3      | Noticed Sigmund
  2180 | D:3      | Killed Sigmund
  2181 | D:3      | Reached XP level 5. HP: 39/41 MP: 5/7
  2181 | D:3      | Reached XP level 6. HP: 45/47 MP: 5/8
  2495 | D:3      | Identified the +1 helmet of the Unseen Realm {rPois Str+3}
  2545 | D:3      | Reached skill level 5 in Armour
  3371 | D:4      | Reached *** piety under Zin
  3451 | D:4      | Found a sparkling altar of Nemelex Xobeh.
  3603 | D:5      | Entered Level 5 of the Dungeon
  3794 | D:5      | Found a hide-covered altar of Uskayaw.
  3797 | D:5      | Found a radiant altar of Vehumet.
  3800 | D:5      | Found a broken altar of Ashenzari.
  3803 | D:5      | Found a basalt altar of Yredelemnul.
  3907 | D:5      | Reached skill level 7 in Evocations
  3907 | D:5      | Reached XP level 7. HP: 51/52 MP: 10/10
  3986 | D:5      | Found a bloodstained altar of Trog.
  4322 | D:5      | Found an ornate altar of the Wu Jian Council.
  4339 | D:5      | Reached **** piety under Zin
  4497 | D:5      | Found an ancient bone altar of Kikubaaqudgha.
  4700 | D:6      | Found a shadowy altar of Dithmenos.
  5044 | D:6      | Noticed Pikel
  5045 | D:6      | Found a burning altar of Makhleb.
  5058 | D:6      | Killed Pikel
  5059 | D:6      | Reached XP level 8. HP: 61/61 MP: 11/13
  5118 | D:6      | Found Esom's Magic Scroll Emporium.
  5122 | D:6      | Bought a scroll of blinking for 75 gold pieces
  5122 | D:6      | Bought a scroll of teleportation for 30 gold pieces
  5122 | D:6      | Bought a scroll of magic mapping for 75 gold pieces
  5122 | D:6      | Bought a scroll of identify for 20 gold pieces
  5452 | D:6      | Found an iron altar of Okawaru.
  5629 | D:7      | Reached ***** piety under Zin
  5646 | D:7      | HP: 2/57 [wight/+1 long sword (2)]
  5927 | D:7      | Found a staircase to the Ecumenical Temple.
  6041 | D:7      | Reached XP level 9. HP: 66/66 MP: 14/14
  6099 | D:7      | Was placed under penance by Zin
  6112 | D:7      | You fall into a shaft and drop 1 floor!
  6129 | D:8      | Reached skill level 5 in Fighting
  6129 | D:8      | Reached skill level 5 in Dodging
  6141 | D:8      | Reached skill level 5 in Stealth
  6151 | D:8      | Donated 76 gold pieces to Zin
  6192 | D:8      | Reached skill level 8 in Evocations
  6572 | D:7      | Reached skill level 5 in Invocations
  6592 | Temple   | Entered the Ecumenical Temple
  6740 | Temple   | Fell from the grace of Zin
  6740 | Temple   | Became a worshipper of the Shining One
  6740 | Temple   | Reached * piety under the Shining One
  6740 | Temple   | Reached ** piety under the Shining One
  7139 | D:7      | Noticed a kobold demonologist
  7147 | D:7      | Killed a kobold demonologist
  7159 | D:7      | Reached skill level 5 in Short Blades
  7159 | D:7      | Reached skill level 5 in Long Blades
  7159 | D:7      | Reached skill level 5 in Axes
  7159 | D:7      | Reached skill level 5 in Maces & Flails
  7159 | D:7      | Reached skill level 5 in Polearms
  7159 | D:7      | Reached skill level 5 in Staves
  7159 | D:7      | Reached skill level 5 in Ranged Weapons
  7159 | D:7      | Reached skill level 5 in Throwing
  7159 | D:7      | Reached skill level 5 in Shields
  7159 | D:7      | Reached skill level 5 in Unarmed Combat
  7159 | D:7      | Reached skill level 5 in Spellcasting
  7159 | D:7      | Reached XP level 10. HP: 50/76 MP: 17/17
  7863 | D:8      | Reached *** piety under the Shining One
  7873 | D:8      | Noticed a centaur warrior
  7884 | D:8      | Noticed a boulder beetle
  7890 | D:8      | Noticed a six-headed hydra
  7892 | D:8      | Killed a centaur warrior
  7895 | D:8      | The Shining One protects you from harm!
  7896 | D:8      | Noticed an unseen horror
  8208 | D:8      | Killed an unseen horror
  8258 | D:8      | Noticed a cyclops
  8268 | D:8      | Killed a cyclops
  8268 | D:8      | Noticed a cyclops
  8279 | D:8      | HP: 3/77 [cyclops (28)]
  8281 | D:8      | Killed a cyclops
  8501 | D:8      | Noticed a purple ugly thing
  8624 | D:8      | Identified the +1 pair of gloves "Bonnane" {Rampage rN+
                  | MP-9}
  8638 | D:8      | Identified the +8 sling of Barnacled Exoneration {flame,
                  | Dex+3}
  8727 | D:8      | Noticed a purple ugly thing
  8776 | D:9      | Reached skill level 9 in Evocations
  9068 | D:9      | Reached skill level 5 in Conjurations
  9068 | D:9      | Reached skill level 5 in Hexes
  9068 | D:9      | Reached skill level 5 in Summonings
  9068 | D:9      | Reached skill level 5 in Necromancy
  9068 | D:9      | Reached skill level 5 in Translocations
  9068 | D:9      | Reached skill level 5 in Transmutations
  9068 | D:9      | Reached skill level 5 in Fire Magic
  9068 | D:9      | Reached skill level 5 in Ice Magic
  9068 | D:9      | Reached skill level 5 in Air Magic
  9068 | D:9      | Reached skill level 5 in Earth Magic
  9068 | D:9      | Reached skill level 5 in Poison Magic
  9303 | D:9      | Found a stormy altar of Qazlal.
  9360 | D:9      | Reached XP level 11. HP: 66/83 MP: 11/20
  9438 | D:9      | Found a sacrificial altar of Ru.
  9495 | D:9      | Found a runed translucent door.
  9500 | D:9      | Noticed derval's ghost (novice FeSu)
  9873 | D:10     | Entered Level 10 of the Dungeon
 10255 | D:10     | Noticed a two-headed ogre
 10264 | D:10     | Killed a two-headed ogre
 10579 | D:10     | Slain by a komodo dragon

Illustrated notes

Levels and vault maps discovered:
D:1:      psy_arrival_spokes, layout_basic, minmay_misc_feat_room,
          chequers_serial_rivers_micro_b
D:2:      layout_basic, basic_altar, chequers_ecumenical_altar_simple_redux
D:3:      layout_basic, serial_rivers, chequers_serial_rivers_micro_c,
          chequers_serial_rivers_micro_a, chequers_serial_rivers_room_a,
          chequers_serial_rivers_small_b, chequers_serial_rivers_small_3,
          chequers_serial_rivers_room_b, uniq_sigmund
D:4:      layout_rooms, nemelex_diamond_rough_becter
D:5:      layout_gridville, nicolae_wu_jian_wuxing_cycle,
          kennysheep_vampire_church, grunt_temple_overflow_cloverleaf,
          general_overflow_altar, minmay_misc_feat_hallway
D:6:      layout_basic, bloody_makhleb,
          hellmonk_okawaru_the_only_friend_you_need, grunt_dithmenos_shadows,
          serial_shops, shop_fountains, grunt_decor_cap, uniq_pikel
D:7:      layout_layer_cave, minmay_temple_entry_glass
D:8:      minmay_the_grid_plus [minmay_the_grid_square_x,
          minmay_the_grid_all_tris, minmay_the_grid_tree,
          minmay_the_grid_embedded, minmay_the_grid_prize_inner_circle],
          layout_cave_pools
D:9:      layout_irregular_city, grunt_qazlal_clouds, lemuel_tele_altar,
          ebering_ghost_reflecting_pool
D:10:     layout_basic
Temple:   jpeg_temple_island

Skill      XL: |  1  2  3  4  5  6  7  8  9 10 11 |
---------------+----------------------------------+-----
Invocations    | 1 2 3 4 5 6 7 |  7.0
Short Blades   | 1 2 3 5 6 |  6.3
Long Blades    | 1 2 3 5 6 |  6.3
Axes           | 1 2 3 5 6 |  6.3
Maces & Flails | 1 2 3 5 6 |  6.3
Polearms       | 1 2 3 5 6 |  6.3
Staves         | 1 2 3 5 6 |  6.3
Ranged Weapons | 1 2 3 5 6 |  6.3
Throwing       | 1 2 3 5 6 |  6.3
Shields        | 1 2 3 5 6 |  6.3
Unarmed Combat | 1 2 3 5 6 |  6.3
Spellcasting   | 1 2 3 5 6 |  6.3
Conjurations   | 1 2 3 4 5 |  5.2
Hexes          | 1 2 3 4 5 |  5.2
Summonings     | 1 2 3 4 5 |  5.2
Necromancy     | 1 2 3 4 5 |  5.2
Translocations | 1 2 3 4 5 |  5.2
Transmutations | 1 2 3 4 5 |  5.2
Fire Magic     | 1 2 3 4 5 |  5.2
Ice Magic      | 1 2 3 4 5 |  5.2
Air Magic      | 1 2 3 4 5 |  5.2
Earth Magic    | 1 2 3 4 5 |  5.2
Poison Magic   | 1 2 3 4 5 |  5.2
Fighting       | 3 4 5 6 |  6.9
Dodging        | 3 4 5 6 |  6.9
Stealth        | 3 4 5 6 |  6.8
Armour         | 5 6 7 |  7.9
Evocations     | 7 8 9 |  9.2

Action                     |  1- 3 |  4- 6 |  7- 9 | 10-12 || total
---------------------------+-------+-------+-------+-------++-------
  Melee: Club              |    82 |       |       |       ||    82
         Bite              |    12 |    10 |    48 |    23 ||    93
         Dagger            |    50 |   103 |   221 |       ||   374
         Punch             |       |     2 |     9 |     9 ||    20
         Scimitar          |       |       |    82 |   171 ||   253
   Fire: Sling             |       |       |       |    33 ||    33
         Shortbow          |       |       |       |     6 ||     6
 Invoke: Vitalisation      |       |       |     2 |       ||     2
         Donate Gold       |       |       |     1 |       ||     1
         Divine Shield     |       |       |       |     2 ||     2
  Evoke: Wand              |       |     3 |    25 |    20 ||    48
    Use: Scroll            |       |       |    16 |     7 ||    23
         Potion            |       |       |     1 |     6 ||     7
   Stab: Sleeping          |     4 |     4 |       |       ||     8
 Armour: Leather armour    |    35 |    49 |    68 |       ||   152
         Chain mail        |       |       |   147 |   107 ||   254
  Dodge: Dodged            |    99 |    57 |   222 |    84 ||   462
  Block: Other             |       |       |   103 |    67 ||   170
         Reflection        |       |       |    12 |     3 ||    15

Table legend: (Time is in decaauts)
 A = Elapsed time spent in this place.
 B = Non-inter-level travel time spent in this place.
 C = Inter-level travel time spent in this place.
 D = Time resting spent in this place.
 E = Time spent auto-exploring this place.
 F = Levels seen in this place.
 G = Mean time per level.
                   A        B        C        D        E       F      G
               +--------+--------+--------+--------+--------+-----+--------+
         Total |  10625 |  10275 |    350 |   1077 |   7436 |  11 |  965.9 |
       Dungeon |  10461 |  10127 |    334 |   1077 |   7299 |  10 | 1046.1 |
        Temple |    164 |    148 |     16 |      0 |    137 |   1 |  164.0 |
               +--------+--------+--------+--------+--------+-----+--------+

Top non-repeatable levels by time:
     D:8: 1464 daAuts
     D:7: 1288 daAuts
     D:1: 1174 daAuts
     D:6: 1172 daAuts
     D:9: 1146 daAuts
     D:5: 1057 daAuts
     D:2: 974 daAuts
     D:3: 931 daAuts
    D:10: 707 daAuts
     D:4: 543 daAuts
  Temple: 164 daAuts
